 Dungeon Crawl Stone Soup version 0.32-a0-841-g4648e6c457 (webtiles) character file.

Game seed: 3177331226586223037

1063 Shayle the Ducker (level 8, 0/60 HPs)
             Began as a Coglin Alchemist on Mar 26, 2024.
             Was a Follower of Beogh.
             Slain by an orc wizard
             ... wielding a +1 dagger of electrocution
              (1 damage)
             ... on level 6 of the Dungeon.
             The game lasted 00:17:24 (6099 turns).

Shayle the Ducker (Coglin Alchemist)                Turns: 6099, Time: 00:17:25

Health: 0/60       AC:  4    Str:  8    XL:     8   Next: 27%
Magic:  10/10      EV: 13    Int: 15    God:    Beogh [*.....]
Gold:   233        SH:  0    Dex: 17    Spells: 6/10 levels left

rFire   . . .        r - +5 short sword {Gustavo}
rCold   . . .        t - +4 short sword {Aahotepre}
rNeg    . . .        a - +0 robe
rPois   .            m - +0 helmet
rElec   .            j - +0 cloak
rCorr   .            (no gloves)
SInv    .            (no boots)
Will    .....        (amulet unavailable)
Stlth   ++           (ring unavailable)
HPRegen 0.30/turn    (ring unavailable)
MPRegen 0.12/turn    (no gizmo)

%: no passive effects
@: very slightly contaminated, hasted, revving, very quick
A: off-hand wielding, slow wielding, warmup strikes, no jewellery
a: Invent Gizmo, Renounce Religion


You were on level 6 of the Dungeon.
You worshipped Beogh.
Beogh was aware of your devotion.
You visited 2 branches of the dungeon, and saw 7 of its levels.

You collected 350 gold pieces.
You spent 117 gold pieces at shops.

Inventory:

Hand Weapons
 i - a +0 sling
 q - a +2 dagger of distortion
 r - a +5 short sword (weapon) {Gustavo}
 t - a +4 short sword (offhand) {Aahotepre}
 v - a +0 scimitar
Armour
 a - a +0 robe (worn)
 j - a +0 cloak (worn)
 m - a +0 helmet (worn)
Wands
 h - a wand of digging (10)
Scrolls
 c - 2 scrolls of identify
 d - a scroll of enchant armour
 e - a scroll of teleportation
 f - a scroll of butterflies
 n - a scroll of immolation
 p - a scroll of poison
 u - 2 scrolls of revelation
Potions
 b - a potion of magic
 k - a potion of might
 l - a potion of berserk rage
 s - a potion of lignification


   Skills:
 - Level 3.8 Fighting
 + Level 4.2 Ranged Weapons
 + Level 5.0 Dodging
 + Level 3.0 Stealth
 - Level 1.7 Spellcasting
 - Level 0.8 Conjurations
 - Level 3.2 Alchemy
 + Level 2.5 Invocations


You had 6 spell levels left.
You knew the following spells:

 Your Spells              Type           Power      Damage    Failure   Level
a - Sting                 Conj/Alch      28%        1d4       10%         1
b - Mephitic Cloud        Conj/Alch/Air  5%         N/A       36%         3

Your spell library contained the following spells:

 Spells                   Type           Power      Damage    Failure   Level
 Mercury Vapours          Alch/Air       12%        N/A       17%         2
 Apportation              Tloc           2%         N/A       22%         1
 Freeze                   Ice            4%         1d3       22%         1
 Ensorcelled Hibernation  Hex/Ice        2%         N/A       34%         2
 Jinxbite                 Hex            2%         N/A       34%         2
 Hailstorm                Conj/Ice       2%         3d5       50%         3
 Olgreb's Toxic Radiance  Alch           11%        N/A       52%         4
 Frozen Ramparts          Ice            2%         1d1       56%         3
 Passwall                 Erth           1%         N/A       56%         3
 Swiftness                Air            1%         N/A       56%         3
 Sticky Flame             Fire/Alch      6%         2d4       75%         4
 Alistair's Intoxication  Alch           7%         N/A       86%         5


Dungeon Overview and Level Annotations

Branches:
Dungeon (6/15)             Temple (1/1) D:5

Altars:
Ashenzari
Dithmenos
Elyvilon
Fedhas
Hepliaklqana
Kikubaaqudgha
Nemelex Xobeh
Qazlal
Ru
Sif Muna
Vehumet
Xom
Yredelemnul

Shops:
D:2 ?

Annotations:
D:6 Eustachio


Innate Abilities, Weirdness & Mutations

You can wield a second weapon in your off-hand.
It takes a long time for you to wield or remove held weapons.
Your first few attacks do less damage.
You cannot equip rings or amulets.


Message History

Press: ? - help, Shift-Dir - straight line You hear some strange, mumbled words.
A magic dart appears from out of thin air!
The magic dart hits you.
You hit something with your +4 short sword.
You miss something with your +5 short sword.
Something hits you.
You are electrocuted!
You miss something with your +5 short sword.
You miss something with your +4 short sword.
Something hits you.
You hit something with your +4 short sword.
You miss something with your +5 short sword.
Something hits you.
You are electrocuted!
* * * LOW HITPOINT WARNING * * *
You miss something with your +5 short sword.
You completely miss something with your +4 short sword.
Something hits you.
* * * LOW HITPOINT WARNING * * *
You are electrocuted!
* * * LOW HITPOINT WARNING * * *
An orc wizard comes into view. It is wielding a +0 dagger.
You are confused.
You feel invigorated.
The orc wizard shouts!
Something hits you.
* * * LOW HITPOINT WARNING * * *
You bump into the rock wall.
You hear some strange, mumbled words.
A magic dart appears from out of thin air!
The magic dart hits you.
* * * LOW HITPOINT WARNING * * *
You feel less invigorated.
You feel less confused. Something hits you.
* * * LOW HITPOINT WARNING * * *
Something hits you but does no damage.
You are electrocuted!
* * * LOW HITPOINT WARNING * * *
You feel yourself speed up. Something hits you.
You die...
Beogh appreciates something's killing of a heretic priest.

......^... ...###....
.......... ...####..
##....+ ....### ### ###.#
#.# #.##############.#
#...........))@..#
#..#############o#
###..#..... .. #.#
.......#.#######.#o#####..
....=..................o..
......<...######.#.#####'#
......[.#.# #.#..
.####.....# # #...
....#'#<### #....


You could see an orc wizard.

Vanquished Creatures
  A sky beast (D:6)
  A centaur (D:6)
  An ogre (D:5)
  A scorpion (D:5)
  3 bombardier beetles
  A jelly (D:6)
  3 hounds
  4 orc priests
  2 iguanas (D:4)
  5 orc wizards
  Robin (D:2)
  5 adders
  2 shadow imps
  4 ribbon worms
  2 dart slugs
  20 orcs
  4 bats
  5 endoplasms
  2 giant cockroaches
  18 goblins
  10 hobgoblins
  17 jackals
  8 kobolds
  4 quokkas (D:1)
  12 ball pythons
  2 frilled lizards (D:2)
  6 rats
144 creatures vanquished.

Vanquished Creatures (others)
  3 orcs (D:5)
3 creatures vanquished.

Grand Total: 147 creatures vanquished

Notes
Turn   | Place    | Note
-------+----------+-------------------------------------------
     0 | D:1      | Shayle the Coglin Alchemist began the quest for the Orb.
     0 | D:1      | Reached XP level 1. HP: 13/13 MP: 3/3
    72 | D:1      | Reached skill level 2 in Dodging
   158 | D:1      | Reached skill level 1 in Fighting
   158 | D:1      | Reached XP level 2. HP: 14/21 MP: 0/4
   450 | D:1      | Reached XP level 3. HP: 24/26 MP: 5/5
  1340 | D:2      | Noticed Robin
  1414 | D:2      | Killed Robin
  1415 | D:2      | Reached XP level 4. HP: 27/33 MP: 0/6
  1481 | D:2      | Reached skill level 1 in Ranged Weapons
  1657 | D:2      | Reached skill level 3 in Dodging
  1943 | D:2      | Reached XP level 5. HP: 16/39 MP: 0/7
  2403 | D:2      | Found Cari's Magic Scroll Emporium.
  2410 | D:2      | Bought a scroll of identify for 26 gold pieces
  2410 | D:2      | Bought a scroll of teleportation for 39 gold pieces
  2410 | D:2      | Bought a scroll of identify for 26 gold pieces
  2410 | D:2      | Bought a scroll of identify for 26 gold pieces
  3296 | D:3      | Reached XP level 6. HP: 29/47 MP: 6/8
  3682 | D:4      | Found a blossoming altar of Fedhas.
  3903 | D:4      | Became a worshipper of Beogh the Shepherd
  4013 | D:4      | Reached skill level 4 in Dodging
  4219 | D:4      | Found a shimmering blue altar of Sif Muna.
  4295 | D:4      | Reached XP level 7. HP: 34/53 MP: 2/9
  4303 | D:4      | Reached * piety under Beogh
  4608 | D:5      | Entered Level 5 of the Dungeon
  4631 | D:5      | Reached skill level 1 in Invocations
  5304 | D:5      | Found a staircase to the Ecumenical Temple.
  5443 | Temple   | Entered the Ecumenical Temple
  5641 | D:6      | Reached XP level 8. HP: 52/60 MP: 6/10
  5715 | D:6      | Learned a level 3 spell: Mephitic Cloud
  5720 | D:6      | Noticed Eustachio
  5909 | D:6      | Reached skill level 5 in Dodging
  6098 | D:6      | HP: 1/60 [something (10)]
  6099 | D:6      | Slain by an orc wizard

Illustrated notes

Levels and vault maps discovered:
D:1:      heliophobic_arrival_ceremonial_halls, layout_basic,
          minmay_misc_feat_columns, chequers_avenue, hex_medium
D:2:      layout_basic, serial_shops, shop, dreamdust_princess_corridor,
          uniq_robin
D:3:      minmay_skewed_foursquare, layout_basic
D:4:      layout_basic, kennysheep_mini_moat, nicolae_overflow_hidden_temple
D:5:      layout_rooms, temple_green
D:6:      layout_basic, serial_shops, nicolae_shop_rolled_up,
          minmay_manual_monstrance, uniq_eustachio, uniq_blork_the_orc,
          uniq_jeremiah
Temple:   chequers_temple_sunken

Skill      XL: |  1  2  3  4  5  6  7  8 |
---------------+-------------------------+-----
Dodging        | 2 3 4 5 |  5.0
Fighting       | 1 2 3 |  3.8
Ranged Weapons | 1 2 3 4 |  4.2
Invocations    | 2 |  2.5
Stealth        | 2 3 |  3.0
Spellcasting   | |  1.7
Conjurations   | |  0.8
Alchemy        | |  3.2

Action                     |  1- 3 |  4- 6 |  7- 9 || total
---------------------------+-------+-------+-------++-------
  Melee: Dagger            |    67 |   120 |       ||   187
         Short sword       |       |   133 |   111 ||   244
   Cast: Sting             |    41 |    54 |    39 ||   134
         Mephitic Cloud    |       |       |     3 ||     3
 Invoke: Convert to Beogh  |       |     1 |       ||     1
    Use: Scroll            |       |     7 |     5 ||    12
         Potion            |       |       |     5 ||     5
   Stab: Sleeping          |     4 |     3 |     1 ||     8
 Armour: Robe              |    20 |    99 |    67 ||   186
  Dodge: Dodged            |    21 |   128 |    63 ||   212

Table legend: (Time is in decaauts)
 A = Elapsed time spent in this place.
 B = Non-inter-level travel time spent in this place.
 C = Inter-level travel time spent in this place.
 D = Time resting spent in this place.
 E = Time spent auto-exploring this place.
 F = Levels seen in this place.
 G = Mean time per level.
                   A        B        C        D        E       F      G
               +--------+--------+--------+--------+--------+-----+--------+
         Total |   6083 |   5907 |    176 |   1039 |   3344 |   7 |  869.0 |
       Dungeon |   6081 |   5905 |    176 |   1039 |   3344 |   6 | 1013.5 |
        Temple |      1 |      1 |      0 |      0 |      0 |   1 |    1.0 |
               +--------+--------+--------+--------+--------+-----+--------+

Top non-repeatable levels by time:
     D:2: 1545 daAuts
     D:5: 1127 daAuts
     D:3: 1052 daAuts
     D:1: 1042 daAuts
     D:4: 966 daAuts
     D:6: 346 daAuts
  Temple: 1 daAuts
